cohdb
Replays
Latest Replays
All Replays
Popular Replays
Top Player Replays
Match Explorer
How It Works
Community
CoH3 Stats
Reddit
Sign in to upload your games and track your stats! →
Sign in with Steam
Match 39134676
Unlisted
Match 39134676
Overview
Messages
Build Orders
End
Construct Infanterie Kompanie
Kettenkrad Recon Vehicle
Grenadier Squad
MG 42 Machine Gun Team
Construct Panzergrenadier Kompanie
Selects Mechanized Battlegroup
Panzergrenadier Squad
251 Medium Carrier
Panzergrenadier Officer Quarters
Panzergrenadier Squad
Selects Mobile Repair Stations
Construct Panzer Kompanie
Selects Wespe Self-propelled Artillery
Wespe Self-propelled Artillery
insane
Wheanors McQueen
Timothy
CptSteenkist
Alc.Mit0Lu
Creistan
南极蹦迪
dres
0
0
Comments
sign in to comment!
No comments posted yet!